[ AOE2 MATCH · #484430993 ]
Team RMGoths vs Britons
[ REPLAY ANALYSIS · EXTRACTED FROM THE RECORDED GAME ]
Feudal
14:54
Castle
18:45
Imperial
—
| APM avg | 20.8 |
| APM peak | 62 |
| eAPM avg | 9.9 |
| Villagers / military | 60 / 0 |
Focus
⚔️ 18.8% · 🌾 81.2%
Feudal
12:53
Castle
—
Imperial
—
| APM avg | 9.4 |
| APM peak | 25 |
| eAPM avg | 7.1 |
| Villagers / military | 44 / 0 |
Focus
⚔️ 23.8% · 🌾 76.2%
Trade Cart ×3
Feudal
10:03
Castle
—
Imperial
—
| APM avg | 19.1 |
| APM peak | 36 |
| eAPM avg | 10.2 |
| Villagers / military | 50 / 24 |
Focus
⚔️ 27.3% · 🌾 72.7%
Militia ×15 · Archer ×9
Feudal
—
Castle
—
Imperial
—
| APM avg | 16.5 |
| APM peak | 47 |
| eAPM avg | 9.1 |
| Villagers / military | 50 / 35 |
Focus
⚔️ 24.8% · 🌾 75.2%
Archer ×35
Feudal
11:22
Castle
19:52
Imperial
—
| APM avg | 11.9 |
| APM peak | 23 |
| eAPM avg | 9.3 |
| Villagers / military | 70 / 17 |
Focus
⚔️ 15.6% · 🌾 84.4%
Militia ×17
Feudal
—
Castle
—
Imperial
—
| APM avg | 16.0 |
| APM peak | 46 |
| eAPM avg | 8.3 |
| Villagers / military | 49 / 11 |
Focus
⚔️ 13.1% · 🌾 86.9%
Spearman ×11
Match map
Initial resources + every placement click. Lines = walls · curves = elevation contours. ◆ gold · ⬟ stone · ● berries · ✦ relic · ◌ wall gap
Your base· Open — unwalled flank
Avalon's base· Open — unwalled flank
MAREKE's base· Open — 5t gap
JZan774426's base· ✓ Closed at 18:19 · 51t walls · 1 gate(s)
dE_dAwEe Oo0oO's base· Open — unwalled flank
Henrroll7663's base· Open — unwalled flank
Smoothed initial terrain · ◌ = detected wall gap · hover for details
Inputs per minute
— 67 - - Avalon
Build order — 67
90 actions detected in the replay
| 0:03 | Research | Loom |
| 0:03 | Create | Villager (Male) |
| 0:04 | Create | Villager (Male) |
| 0:04 | Create | Villager (Male) |
| 0:04 | Create | Villager (Male) |
| 0:09 | Build | House |
| 0:41 | Build | House |
| 1:11 | Build | House |
| 1:16 | Build | House |
| 1:29 | Create | Villager (Male) |
| 1:29 | Create | Villager (Male) |
| 2:28 | Build | Lumber Camp |
| 2:34 | Create | Villager (Male) |
| 2:35 | Create | Villager (Male) |
| 3:05 | Create | Villager (Male) |
| 3:05 | Create | Villager (Male) |
| 3:38 | Create | Villager (Male) |
| 3:38 | Create | Villager (Male) |
| 3:59 | Create | Villager (Male) |
| 3:59 | Create | Villager (Male) |
| 4:44 | Create | Villager (Male) |
| 4:45 | Create | Villager (Male) |
| 5:07 | Create | Villager (Male) |
| 5:07 | Create | Villager (Male) |
| 5:14 | Build | Mill |
| 5:29 | Create | Villager (Male) |
| 5:29 | Create | Villager (Male) |
| 5:50 | Create | Villager (Male) |
| 5:50 | Create | Villager (Male) |
| 6:15 | Create | Villager (Male) |
| 6:15 | Create | Villager (Male) |
| 6:34 | Build | House |
| 6:35 | Build | House |
| 6:36 | Build | House |
| 6:52 | Build | House |
| 6:54 | Create | Villager (Male) |
| 6:54 | Create | Villager (Male) |
| 6:54 | Create | Villager (Male) |
| 6:55 | Create | Villager (Male) |
| 7:14 | Create | Villager (Male) |
| 7:14 | Create | Villager (Male) |
| 7:15 | Create | Villager (Male) |
| 7:47 | Create | Villager (Male) |
| 7:47 | Create | Villager (Male) |
| 8:39 | Build | Barracks |
| 8:42 | Create | Villager (Male) |
| 8:43 | Create | Villager (Male) |
| 8:43 | Create | Villager (Male) |
| 8:43 | Create | Villager (Male) |
| 8:43 | Create | Villager (Male) |
| 8:56 | Create | Villager (Male) |
| 8:57 | Create | Villager (Male) |
| 9:28 | Create | Villager (Male) |
| 9:28 | Create | Villager (Male) |
| 9:28 | Create | Villager (Male) |
| 9:29 | Create | Villager (Male) |
| 9:29 | Create | Villager (Male) |
| 9:39 | Create | Villager (Male) |
| 9:40 | Create | Villager (Male) |
| 9:41 | Create | Villager (Male) |
| 9:42 | Create | Villager (Male) |
| 9:52 | Build | Mining Camp |
| 10:15 | Create | Villager (Male) |
| 10:16 | Create | Villager (Male) |
| 10:16 | Create | Villager (Male) |
| 10:16 | Create | Villager (Male) |
| 10:31 | Create | Villager (Male) |
| 10:36 | Build | House |
| 10:40 | Build | House |
| 10:42 | Build | House |
| 10:44 | Create | Villager (Male) |
| 10:44 | Create | Villager (Male) |
| 11:20 | Build | Lumber Camp |
| 11:28 | Create | Villager (Male) |
| 11:49 | Create | Villager (Male) |
| 11:57 | Create | Villager (Male) |
| 12:08 | Build | Mining Camp |
| 12:25 | Research | Feudal Age |
| 13:51 | Build | Mining Camp |
| 14:27 | Build | Palisade Wall |
| 14:54 | Age | Feudal Age |
| 15:06 | Build | Market |
| 15:13 | Build | Blacksmith |
| 15:35 | Create | Villager (Male) |
| 16:00 | Build | Mining Camp |
| 16:05 | Research | Castle Age |
| 16:34 | Build | Lumber Camp |
| 16:48 | Build | Watch Tower |
| 17:43 | Build | House |
| 18:45 | Age | Castle Age |
Build order — Avalon
94 actions detected in the replay
| 0:04 | Research | Loom |
| 0:05 | Create | Villager (Male) |
| 0:05 | Create | Villager (Male) |
| 0:05 | Create | Villager (Male) |
| 0:06 | Create | Villager (Male) |
| 0:06 | Create | Villager (Male) |
| 0:12 | Build | House |
| 0:19 | Build | House |
| 0:56 | Build | House |
| 1:01 | Build | House |
| 2:30 | Create | Villager (Male) |
| 2:47 | Create | Villager (Male) |
| 3:13 | Create | Villager (Male) |
| 3:51 | Create | Villager (Male) |
| 3:51 | Create | Villager (Male) |
| 4:23 | Create | Villager (Male) |
| 4:23 | Create | Villager (Male) |
| 4:41 | Create | Villager (Male) |
| 4:59 | Create | Villager (Male) |
| 5:12 | Create | Villager (Male) |
| 5:23 | Build | House |
| 5:28 | Build | House |
| 5:32 | Create | Villager (Male) |
| 5:34 | Create | Villager (Male) |
| 5:35 | Create | Villager (Male) |
| 6:35 | Create | Villager (Male) |
| 7:27 | Create | Villager (Male) |
| 7:31 | Create | Villager (Male) |
| 9:27 | Build | Mill |
| 9:35 | Build | Lumber Camp |
| 10:43 | Research | Feudal Age |
| 11:11 | Build | Barracks |
| 11:51 | Build | Mining Camp |
| 12:53 | Age | Feudal Age |
| 12:56 | Research | Wheelbarrow |
| 13:00 | Research | Horse Collar |
| 13:42 | Build | Mill |
| 13:48 | Create | Villager (Male) |
| 13:48 | Create | Villager (Male) |
| 13:48 | Create | Villager (Male) |
| 13:48 | Create | Villager (Male) |
| 13:49 | Create | Villager (Male) |
| 13:49 | Create | Villager (Male) |
| 13:49 | Create | Villager (Male) |
| 13:49 | Create | Villager (Male) |
| 13:50 | Create | Villager (Male) |
| 14:28 | Build | Mining Camp |
| 15:00 | Build | Farm |
| 15:18 | Build | Farm |
| 15:31 | Build | Watch Tower |
| 15:52 | Build | Farm |
| 16:02 | Create | Villager (Male) |
| 16:05 | Create | Villager (Male) |
| 16:05 | Create | Villager (Male) |
| 16:06 | Create | Villager (Male) |
| 16:06 | Create | Villager (Male) |
| 16:06 | Create | Villager (Male) |
| 16:12 | Build | Farm |
| 16:37 | Build | Stone Wall |
| 16:49 | Build | Farm |
| 17:04 | Build | Farm |
| 17:37 | Build | Farm |
| 18:05 | Build | Stone Wall |
| 18:15 | Create | Villager (Male) |
| 18:15 | Create | Villager (Male) |
| 18:16 | Create | Villager (Male) |
| 18:16 | Create | Villager (Male) |
| 18:16 | Create | Villager (Male) |
| 18:16 | Create | Villager (Male) |
| 18:17 | Create | Villager (Male) |
| 18:17 | Create | Villager (Male) |
| 18:24 | Build | Farm |
| 18:32 | Build | Farm |
| 18:39 | Build | Farm |
| 19:29 | Build | Stable |
| 19:52 | Build | Stone Wall |
| 20:01 | Build | Farm |
| 20:22 | Build | Lumber Camp |
| 20:29 | Build | Lumber Camp |
| 21:21 | Build | Stable |
| 21:32 | Build | Farm |
| 21:50 | Build | Farm |
| 22:19 | Build | Blacksmith |
| 22:54 | Build | Market |
| 23:15 | Build | Watch Tower |
| 23:31 | Research | Gold Mining |
| 23:32 | Research | Stone Mining |
| 24:23 | Research | Castle Age |
| 24:30 | Create | Trade Cart |
| 24:30 | Create | Trade Cart |
| 24:34 | Create | Trade Cart |
| 25:11 | Build | Barracks |
| 25:49 | Research | Scale Barding Armor |
| 26:11 | Research | Man-at-Arms (upgrade) |
Build order — MAREKE
142 actions detected in the replay
| 0:00 | Create | Villager (Male) |
| 0:01 | Create | Villager (Male) |
| 0:01 | Create | Villager (Male) |
| 0:01 | Create | Villager (Male) |
| 0:02 | Build | House |
| 0:04 | Build | House |
| 1:25 | Create | Villager (Male) |
| 1:25 | Create | Villager (Male) |
| 2:01 | Create | Villager (Male) |
| 2:01 | Create | Villager (Male) |
| 2:16 | Build | Lumber Camp |
| 2:28 | Create | Villager (Male) |
| 2:28 | Create | Villager (Male) |
| 2:49 | Create | Villager (Male) |
| 2:49 | Create | Villager (Male) |
| 3:19 | Create | Villager (Male) |
| 3:19 | Create | Villager (Male) |
| 3:49 | Create | Villager (Male) |
| 3:49 | Create | Villager (Male) |
| 3:50 | Create | Villager (Male) |
| 3:51 | Create | Villager (Male) |
| 4:01 | Build | House |
| 4:31 | Build | Mill |
| 4:51 | Create | Villager (Male) |
| 4:53 | Create | Villager (Male) |
| 6:13 | Create | Villager (Male) |
| 6:13 | Create | Villager (Male) |
| 6:27 | Create | Villager (Male) |
| 6:57 | Research | Loom |
| 7:45 | Research | Feudal Age |
| 8:38 | Build | Mining Camp |
| 8:52 | Build | House |
| 9:07 | Build | House |
| 9:20 | Build | House |
| 9:26 | Build | Barracks |
| 9:55 | Build | House |
| 10:03 | Age | Feudal Age |
| 10:03 | Create | Villager (Male) |
| 10:04 | Create | Villager (Male) |
| 10:15 | Create | Militia |
| 10:15 | Create | Militia |
| 10:16 | Create | Militia |
| 10:16 | Create | Militia |
| 10:16 | Create | Militia |
| 10:30 | Create | Villager (Male) |
| 10:30 | Create | Villager (Male) |
| 10:41 | Build | Farm |
| 10:44 | Build | Farm |
| 10:46 | Build | Farm |
| 11:03 | Build | Farm |
| 11:07 | Create | Militia |
| 11:30 | Build | Farm |
| 11:34 | Create | Villager (Male) |
| 11:48 | Research | Man-at-Arms (upgrade) |
| 12:04 | Create | Villager (Male) |
| 12:47 | Build | Farm |
| 12:53 | Build | Farm |
| 12:54 | Create | Villager (Male) |
| 12:57 | Research | Double-Bit Axe |
| 13:01 | Create | Militia |
| 13:01 | Create | Militia |
| 13:19 | Create | Villager (Male) |
| 13:19 | Create | Villager (Male) |
| 13:26 | Build | Farm |
| 13:28 | Build | Farm |
| 13:30 | Build | Farm |
| 13:54 | Build | Farm |
| 14:07 | Build | Lumber Camp |
| 14:13 | Build | Palisade Wall |
| 14:23 | Create | Militia |
| 14:24 | Create | Militia |
| 14:24 | Create | Militia |
| 14:35 | Create | Villager (Male) |
| 14:36 | Create | Villager (Male) |
| 15:02 | Create | Villager (Male) |
| 15:02 | Create | Villager (Male) |
| 15:08 | Build | House |
| 15:09 | Build | House |
| 15:28 | Build | House |
| 15:29 | Build | House |
| 15:41 | Create | Villager (Male) |
| 15:47 | Create | Militia |
| 15:54 | Build | Blacksmith |
| 16:14 | Create | Villager (Male) |
| 16:28 | Build | Archery Range |
| 16:31 | Create | Villager (Male) |
| 16:32 | Create | Villager (Male) |
| 16:44 | Build | Palisade Wall |
| 17:14 | Build | Watch Tower |
| 17:33 | Create | Archer |
| 17:33 | Create | Archer |
| 17:33 | Create | Archer |
| 17:33 | Create | Archer |
| 17:34 | Create | Archer |
| 17:34 | Create | Archer |
| 17:34 | Create | Archer |
| 17:38 | Create | Militia |
| 17:38 | Create | Militia |
| 18:37 | Create | Archer |
| 18:37 | Create | Archer |
| 18:39 | Create | Militia |
| 18:44 | Research | Forging |
| 19:25 | Build | House |
| 20:10 | Create | Villager (Male) |
| 20:11 | Create | Villager (Male) |
| 20:20 | Build | Palisade Wall |
| 20:24 | Build | House |
| 20:29 | Create | Villager (Male) |
| 20:35 | Build | Farm |
| 20:40 | Build | Farm |
| 20:43 | Build | Farm |
| 20:55 | Build | Palisade Wall |
| 21:01 | Build | Palisade Wall |
| 21:29 | Research | Horse Collar |
| 21:31 | Create | Villager (Male) |
| 21:32 | Create | Villager (Male) |
| 21:37 | Research | Scale Mail Armor |
| 22:23 | Create | Villager (Male) |
| 22:23 | Create | Villager (Male) |
| 22:51 | Build | Palisade Wall |
| 22:55 | Build | House |
| 22:58 | Create | Villager (Male) |
| 22:59 | Create | Villager (Male) |
| 23:17 | Build | Market |
| 23:30 | Create | Villager (Male) |
| 23:51 | Build | Palisade Wall |
| 23:55 | Build | House |
| 25:02 | Build | Farm |
| 25:10 | Build | Mining Camp |
| 25:22 | Build | House |
| 25:27 | Build | House |
| 25:34 | Research | Castle Age |
| 25:59 | Build | House |
| 26:04 | Build | Stable |
| 26:05 | Build | Stable |
| 26:06 | Build | Stable |
| 26:21 | Build | Stable |
| 26:23 | Build | Stable |
| 26:25 | Build | Stable |
| 26:37 | Build | House |
| 27:19 | Research | Padded Archer Armor |
| 27:35 | Build | House |
Build order — JZan774426
140 actions detected in the replay
| 0:02 | Build | House |
| 0:04 | Build | House |
| 0:05 | Create | Villager (Male) |
| 0:05 | Create | Villager (Male) |
| 0:05 | Create | Villager (Male) |
| 0:27 | Create | Villager (Male) |
| 1:27 | Create | Villager (Male) |
| 1:51 | Build | Lumber Camp |
| 2:00 | Create | Villager (Male) |
| 2:00 | Create | Villager (Male) |
| 2:17 | Create | Villager (Male) |
| 2:51 | Create | Villager (Male) |
| 3:58 | Create | Villager (Male) |
| 4:00 | Create | Villager (Male) |
| 4:20 | Create | Villager (Male) |
| 4:32 | Build | House |
| 4:34 | Build | House |
| 4:50 | Create | Villager (Male) |
| 4:51 | Create | Villager (Male) |
| 4:52 | Create | Villager (Male) |
| 4:52 | Create | Villager (Male) |
| 5:36 | Create | Villager (Male) |
| 5:46 | Build | Mill |
| 6:01 | Create | Villager (Male) |
| 6:26 | Create | Villager (Male) |
| 7:08 | Build | Farm |
| 7:23 | Build | Farm |
| 7:26 | Build | Farm |
| 7:41 | Create | Villager (Male) |
| 7:48 | Build | Farm |
| 8:26 | Create | Villager (Male) |
| 8:33 | Build | Farm |
| 9:00 | Create | Villager (Male) |
| 9:36 | Create | Villager (Male) |
| 9:39 | Research | Feudal Age |
| 10:08 | Build | Mining Camp |
| 10:56 | Build | Barracks |
| 11:02 | Build | House |
| 11:06 | Build | House |
| 11:09 | Build | House |
| 11:11 | Build | House |
| 11:23 | Research | Loom |
| 12:02 | Build | House |
| 12:06 | Build | House |
| 12:24 | Build | Palisade Wall |
| 12:43 | Create | Villager (Male) |
| 12:43 | Create | Villager (Male) |
| 12:44 | Create | Villager (Male) |
| 13:27 | Build | Archery Range |
| 14:43 | Build | Palisade Wall |
| 15:14 | Build | Palisade Wall |
| 15:17 | Create | Villager (Male) |
| 15:18 | Create | Villager (Male) |
| 15:18 | Create | Villager (Male) |
| 15:44 | Build | Palisade Wall |
| 15:54 | Build | Palisade Wall |
| 16:06 | Create | Villager (Male) |
| 16:28 | Build | Farm |
| 16:29 | Build | Farm |
| 16:36 | Build | Mining Camp |
| 16:55 | Build | Palisade Gate |
| 17:03 | Build | Archery Range |
| 17:15 | Build | Blacksmith |
| 17:20 | Build | House |
| 17:21 | Build | House |
| 17:24 | Build | House |
| 17:27 | Build | Farm |
| 17:29 | Create | Villager (Male) |
| 17:33 | Research | Wheelbarrow |
| 18:19 | Research | Castle Age |
| 18:32 | Create | Archer |
| 18:33 | Create | Archer |
| 18:33 | Create | Archer |
| 18:33 | Create | Archer |
| 18:33 | Create | Archer |
| 18:35 | Create | Archer |
| 18:40 | Research | Fletching |
| 20:01 | Create | Villager (Male) |
| 20:03 | Create | Villager (Male) |
| 21:31 | Research | Double-Bit Axe |
| 21:48 | Build | House |
| 23:03 | Research | Crossbowman (upgrade) |
| 23:05 | Create | Archer |
| 23:06 | Create | Archer |
| 23:06 | Create | Archer |
| 23:06 | Create | Archer |
| 23:06 | Create | Archer |
| 23:07 | Create | Archer |
| 23:07 | Create | Archer |
| 23:11 | Create | Villager (Male) |
| 23:11 | Create | Villager (Male) |
| 23:11 | Create | Villager (Male) |
| 23:12 | Create | Villager (Male) |
| 23:30 | Build | Town Center |
| 24:05 | Build | Lumber Camp |
| 24:22 | Create | Archer |
| 24:22 | Create | Archer |
| 24:22 | Create | Archer |
| 24:22 | Create | Archer |
| 24:23 | Create | Archer |
| 24:23 | Create | Archer |
| 24:29 | Research | Bodkin Arrow |
| 25:10 | Create | Archer |
| 25:10 | Create | Archer |
| 25:10 | Create | Archer |
| 25:10 | Create | Archer |
| 25:11 | Create | Archer |
| 25:11 | Create | Archer |
| 25:22 | Create | Villager (Male) |
| 25:22 | Create | Villager (Male) |
| 25:22 | Create | Villager (Male) |
| 25:22 | Create | Villager (Male) |
| 25:23 | Create | Villager (Male) |
| 25:23 | Create | Villager (Male) |
| 26:09 | Build | Castle |
| 26:14 | Build | Mining Camp |
| 26:37 | Create | Archer |
| 26:38 | Create | Archer |
| 26:38 | Create | Archer |
| 26:38 | Create | Archer |
| 26:38 | Create | Archer |
| 26:39 | Create | Archer |
| 26:39 | Create | Archer |
| 26:39 | Create | Archer |
| 26:39 | Create | Archer |
| 26:39 | Create | Archer |
| 26:46 | Create | Villager (Male) |
| 26:46 | Create | Villager (Male) |
| 26:46 | Create | Villager (Male) |
| 26:48 | Create | Villager (Male) |
| 26:48 | Create | Villager (Male) |
| 26:48 | Create | Villager (Male) |
| 26:48 | Create | Villager (Male) |
| 27:22 | Build | House |
| 27:24 | Build | House |
| 27:25 | Build | House |
| 27:28 | Build | House |
| 27:31 | Build | House |
| 27:33 | Build | House |
| 27:35 | Build | House |
Build order — dE_dAwEe Oo0oO
First 150 of 158 actions detected
| 0:02 | Create | Villager (Male) |
| 0:06 | Build | House |
| 0:12 | Research | Loom |
| 0:12 | Create | Villager (Male) |
| 0:12 | Create | Villager (Male) |
| 0:26 | Create | Villager (Male) |
| 0:39 | Build | House |
| 0:43 | Build | House |
| 0:48 | Build | House |
| 1:38 | Create | Villager (Male) |
| 2:11 | Create | Villager (Male) |
| 2:11 | Create | Villager (Male) |
| 2:22 | Build | Mill |
| 2:42 | Create | Villager (Male) |
| 3:13 | Create | Villager (Male) |
| 3:26 | Create | Villager (Male) |
| 3:49 | Create | Villager (Male) |
| 4:18 | Create | Villager (Male) |
| 4:30 | Create | Villager (Male) |
| 4:49 | Create | Villager (Male) |
| 5:08 | Build | Lumber Camp |
| 5:19 | Create | Villager (Male) |
| 5:19 | Create | Villager (Male) |
| 5:46 | Create | Villager (Male) |
| 5:56 | Create | Villager (Male) |
| 6:18 | Create | Villager (Male) |
| 6:18 | Create | Villager (Male) |
| 6:19 | Create | Villager (Male) |
| 7:06 | Create | Villager (Male) |
| 8:22 | Create | Villager (Male) |
| 8:32 | Create | Villager (Male) |
| 8:50 | Create | Villager (Male) |
| 9:12 | Research | Feudal Age |
| 9:28 | Build | House |
| 9:33 | Build | House |
| 9:49 | Build | Farm |
| 9:55 | Build | Farm |
| 10:00 | Build | Farm |
| 10:06 | Build | Farm |
| 10:11 | Build | Farm |
| 10:16 | Build | Farm |
| 10:18 | Create | Villager (Male) |
| 10:19 | Create | Villager (Male) |
| 10:29 | Build | Farm |
| 10:36 | Build | Farm |
| 10:52 | Build | Mining Camp |
| 10:57 | Create | Villager (Male) |
| 11:22 | Age | Feudal Age |
| 11:29 | Research | Horse Collar |
| 11:32 | Research | Double-Bit Axe |
| 11:39 | Create | Villager (Male) |
| 11:40 | Create | Villager (Male) |
| 11:48 | Research | Gold Mining |
| 12:07 | Create | Villager (Male) |
| 12:18 | Build | Blacksmith |
| 12:34 | Create | Villager (Male) |
| 12:58 | Create | Villager (Male) |
| 13:07 | Build | Farm |
| 13:15 | Build | Farm |
| 13:18 | Create | Villager (Male) |
| 13:32 | Build | Farm |
| 13:36 | Create | Villager (Male) |
| 13:53 | Create | Villager (Male) |
| 13:59 | Build | Farm |
| 14:18 | Build | Market |
| 14:33 | Build | Farm |
| 14:39 | Create | Villager (Male) |
| 14:49 | Build | Farm |
| 14:54 | Create | Villager (Male) |
| 15:13 | Build | Farm |
| 15:35 | Build | Mining Camp |
| 15:44 | Create | Villager (Male) |
| 15:53 | Research | Wheelbarrow |
| 16:01 | Build | Farm |
| 16:50 | Research | Castle Age |
| 17:22 | Create | Villager (Male) |
| 17:22 | Create | Villager (Male) |
| 17:48 | Research | Forging |
| 18:15 | Build | Barracks |
| 18:20 | Build | Barracks |
| 18:23 | Build | Barracks |
| 18:46 | Build | Barracks |
| 18:57 | Create | Villager (Male) |
| 19:01 | Research | Fletching |
| 19:02 | Research | Scale Mail Armor |
| 19:08 | Research | Stone Mining |
| 19:52 | Age | Castle Age |
| 20:04 | Research | Hand Cart |
| 20:06 | Create | Villager (Male) |
| 20:06 | Create | Villager (Male) |
| 20:32 | Research | Man-at-Arms (upgrade) |
| 20:33 | Research | Squires |
| 20:34 | Research | Arson |
| 20:39 | Build | Farm |
| 20:58 | Build | Town Center |
| 21:19 | Create | Villager (Male) |
| 21:29 | Build | Farm |
| 21:59 | Create | Villager (Male) |
| 21:59 | Create | Villager (Male) |
| 21:59 | Create | Villager (Male) |
| 22:00 | Create | Villager (Male) |
| 22:00 | Create | Villager (Male) |
| 22:00 | Create | Villager (Male) |
| 22:00 | Create | Villager (Male) |
| 22:01 | Create | Villager (Male) |
| 22:15 | Build | Farm |
| 22:18 | Build | Farm |
| 22:22 | Create | Villager (Male) |
| 22:28 | Build | Farm |
| 22:41 | Research | Long Swordsman (upgrade) |
| 22:58 | Build | Stone Wall |
| 23:00 | Build | Farm |
| 23:02 | Build | Farm |
| 23:03 | Build | Farm |
| 23:13 | Create | Villager (Male) |
| 23:13 | Create | Villager (Male) |
| 23:17 | Create | Villager (Male) |
| 23:21 | Create | Villager (Male) |
| 23:21 | Create | Villager (Male) |
| 23:21 | Create | Villager (Male) |
| 23:28 | Build | Farm |
| 23:34 | Create | Villager (Male) |
| 24:00 | Build | Mining Camp |
| 24:05 | Create | Villager (Male) |
| 24:06 | Create | Villager (Male) |
| 24:06 | Create | Villager (Male) |
| 24:11 | Create | Villager (Male) |
| 24:11 | Create | Villager (Male) |
| 24:11 | Create | Villager (Male) |
| 24:11 | Create | Villager (Male) |
| 24:49 | Research | Iron Casting |
| 24:53 | Create | Villager (Male) |
| 25:04 | Build | Farm |
| 25:07 | Create | Villager (Male) |
| 25:14 | Build | University |
| 25:21 | Create | Militia |
| 25:21 | Create | Militia |
| 25:21 | Create | Militia |
| 25:22 | Create | Militia |
| 25:29 | Create | Militia |
| 25:29 | Create | Militia |
| 25:30 | Create | Militia |
| 25:56 | Build | House |
| 25:59 | Build | House |
| 26:02 | Build | House |
| 26:04 | Build | House |
| 26:09 | Research | Heavy Plow |
| 26:40 | Build | Castle |
| 27:22 | Create | Militia |
| 27:22 | Create | Militia |
Build order — Henrroll7663
121 actions detected in the replay
| 0:05 | Build | House |
| 0:08 | Build | House |
| 0:14 | Create | Villager (Male) |
| 0:14 | Create | Villager (Male) |
| 0:15 | Create | Villager (Male) |
| 0:15 | Create | Villager (Male) |
| 0:15 | Create | Villager (Male) |
| 1:53 | Create | Villager (Male) |
| 2:20 | Create | Villager (Male) |
| 2:20 | Create | Villager (Male) |
| 2:55 | Create | Villager (Male) |
| 2:55 | Create | Villager (Male) |
| 3:42 | Create | Villager (Male) |
| 3:42 | Create | Villager (Male) |
| 3:43 | Create | Villager (Male) |
| 3:59 | Build | Lumber Camp |
| 5:16 | Create | Villager (Male) |
| 5:16 | Create | Villager (Male) |
| 5:29 | Build | House |
| 6:06 | Build | Mill |
| 6:21 | Create | Villager (Male) |
| 6:21 | Create | Villager (Male) |
| 7:05 | Create | Villager (Male) |
| 7:05 | Create | Villager (Male) |
| 7:16 | Create | Villager (Male) |
| 7:38 | Create | Villager (Male) |
| 7:39 | Create | Villager (Male) |
| 7:47 | Create | Villager (Male) |
| 8:56 | Create | Villager (Male) |
| 8:56 | Create | Villager (Male) |
| 9:10 | Build | House |
| 9:33 | Build | House |
| 10:13 | Build | Barracks |
| 10:41 | Build | Lumber Camp |
| 11:16 | Build | Mining Camp |
| 11:24 | Research | Feudal Age |
| 12:01 | Build | Palisade Wall |
| 12:37 | Create | Villager (Male) |
| 12:37 | Create | Villager (Male) |
| 13:39 | Create | Villager (Male) |
| 13:39 | Create | Villager (Male) |
| 13:48 | Build | Blacksmith |
| 13:55 | Build | Market |
| 14:00 | Build | Farm |
| 14:05 | Build | Farm |
| 14:15 | Build | Stone Wall |
| 14:21 | Build | Farm |
| 14:51 | Research | Double-Bit Axe |
| 14:59 | Build | Farm |
| 15:02 | Build | Farm |
| 15:13 | Create | Villager (Male) |
| 15:35 | Build | Archery Range |
| 15:47 | Create | Villager (Male) |
| 15:50 | Create | Villager (Male) |
| 15:58 | Build | Farm |
| 16:21 | Build | House |
| 16:23 | Build | House |
| 16:28 | Create | Villager (Male) |
| 16:58 | Create | Villager (Male) |
| 17:07 | Build | Farm |
| 17:25 | Build | Mining Camp |
| 17:33 | Build | Stone Wall |
| 17:46 | Build | Farm |
| 17:51 | Build | Farm |
| 17:55 | Build | Farm |
| 17:59 | Build | Farm |
| 18:04 | Build | Farm |
| 18:18 | Create | Spearman |
| 18:18 | Create | Spearman |
| 18:18 | Create | Spearman |
| 18:19 | Create | Spearman |
| 18:30 | Create | Villager (Male) |
| 18:33 | Build | Farm |
| 18:37 | Create | Villager (Male) |
| 18:53 | Create | Villager (Male) |
| 19:05 | Build | Farm |
| 19:26 | Build | Farm |
| 20:04 | Research | Castle Age |
| 20:09 | Build | Farm |
| 20:25 | Build | Stone Wall |
| 20:30 | Create | Villager (Male) |
| 20:34 | Create | Spearman |
| 20:34 | Create | Spearman |
| 20:35 | Create | Spearman |
| 21:21 | Research | Scale Mail Armor |
| 21:28 | Build | House |
| 21:28 | Build | House |
| 21:30 | Build | House |
| 22:54 | Build | University |
| 22:56 | Create | Villager (Male) |
| 22:56 | Create | Villager (Male) |
| 22:57 | Create | Villager (Male) |
| 23:32 | Build | House |
| 23:33 | Build | House |
| 23:34 | Build | House |
| 23:34 | Build | House |
| 23:34 | Build | House |
| 23:36 | Create | Villager (Male) |
| 23:47 | Build | Town Center |
| 23:55 | Create | Villager (Male) |
| 24:16 | Build | Town Center |
| 24:22 | Research | Chemistry |
| 24:35 | Build | Farm |
| 24:40 | Research | Pikeman (upgrade) |
| 24:41 | Research | Squires |
| 24:41 | Research | Squires |
| 25:05 | Research | Bow Saw |
| 25:14 | Build | Farm |
| 25:15 | Create | Villager (Male) |
| 25:16 | Create | Villager (Male) |
| 25:16 | Create | Villager (Male) |
| 25:19 | Build | Farm |
| 25:53 | Build | Farm |
| 26:03 | Create | Villager (Male) |
| 26:04 | Create | Villager (Male) |
| 26:16 | Create | Villager (Male) |
| 26:23 | Build | Farm |
| 27:07 | Create | Spearman |
| 27:07 | Create | Spearman |
| 27:07 | Create | Spearman |
| 27:08 | Create | Spearman |
Match timeline
| 8:39 | 67 · first_building Barracks |
| 9:26 | MAREKE · first_building Barracks |
| 10:03 | MAREKE · age_up feudal |
| 10:13 | Henrroll7663 · first_building Barracks |
| 10:56 | JZan774426 · first_building Barracks |
| 11:11 | Avalon · first_building Barracks |
| 11:22 | dE_dAwEe Oo0oO · age_up feudal |
| 12:01 | Henrroll7663 · wall_segment Palisade Wall x9 |
| 12:24 | JZan774426 · wall_segment Palisade Wall x15 |
| 12:53 | Avalon · age_up feudal |
| 13:27 | JZan774426 · first_building Archery Range |
| 14:13 | MAREKE · wall_segment Palisade Wall x6 |
| 14:15 | Henrroll7663 · wall_segment Stone Wall x12 |
| 14:27 | 67 · wall_segment Palisade Wall x1 |
| 14:43 | JZan774426 · wall_segment Palisade Wall x6 |
| 14:54 | 67 · age_up feudal |
| 15:14 | JZan774426 · wall_segment Palisade Wall x6 |
| 15:35 | Henrroll7663 · first_building Archery Range |
| 15:39 | 67 · first_market_buy 100 food |
| 15:44 | JZan774426 · wall_segment Palisade Wall x11 |
| 15:54 | JZan774426 · wall_segment Palisade Wall x14 |
| 16:12 | dE_dAwEe Oo0oO · first_market_buy 100 food |
| 16:16 | dE_dAwEe Oo0oO · first_market_sell 100 wood |
| 16:28 | MAREKE · first_building Archery Range |
| 16:37 | Avalon · wall_segment Stone Wall x20 |
| 16:44 | MAREKE · wall_segment Palisade Wall x8 |
| 17:33 | Henrroll7663 · wall_segment Stone Wall x11 |
| 18:05 | Avalon · wall_segment Stone Wall x6 |
| 18:15 | dE_dAwEe Oo0oO · first_building Barracks |
| 18:45 | 67 · age_up castle |
| 19:06 | 67 · resign |
| 19:29 | Avalon · first_building Stable |
| 19:52 | Avalon · wall_segment Stone Wall x33 |
| 19:52 | dE_dAwEe Oo0oO · age_up castle |
| 19:56 | Henrroll7663 · first_market_buy 100 food |
| 20:00 | Henrroll7663 · first_market_sell 100 food |
| 20:20 | MAREKE · wall_segment Palisade Wall x7 |
| 20:25 | Henrroll7663 · wall_segment Stone Wall x12 |
| 20:55 | MAREKE · wall_segment Palisade Wall x1 |
| 21:01 | MAREKE · wall_segment Palisade Wall x14 |
| 22:51 | MAREKE · wall_segment Palisade Wall x13 |
| 22:58 | dE_dAwEe Oo0oO · wall_segment Stone Wall x3 |
| 23:51 | MAREKE · wall_segment Palisade Wall x1 |
| 26:04 | MAREKE · first_building Stable |
| 26:09 | JZan774426 · first_building Castle |
| 26:40 | dE_dAwEe Oo0oO · first_building Castle |
[ AI ANALYSIS · 1 CREDIT ]
What really happened in this match?
Wolo.gg analyzes every decision: build order, eco, micro, common mistakes by bracket. Personalized analysis on WhatsApp or Discord in 30 seconds.
Civ guide
Goths
Map guide
Arabia
Perfil
Jugador #19854530